 Dungeon Crawl Stone Soup version 0.16-a0-2093-g8c923f7 (webtiles) character file.

203 Gorice the Ruffian (level 5, -8/41 HPs)
             Began as a Ghoul Wanderer on Nov 12, 2014.
             Mangled by Prince Ribbit (13 damage)
             ... on level 4 of the Dungeon.
             The game lasted 00:22:24 (2723 turns).

Gorice the Ruffian (Ghoul Wanderer)                 Turns: 2723, Time: 00:22:24

Health: -8/41      AC: 10    Str: 15    XL:     5   Next: 81%
Magic:  5/6        EV:  6    Int:  9    God:
Gold:   131        SH:  0    Dex:  8    Spells: 0 memorised, 6 levels left

rFire  . . .     SeeInvis .       - Unarmed
rCold  + . .     Clarity  .     r - +0 chain mail
rNeg   + + +     SustAb   .     (no shield)
rPois  +         Gourm    .     (no helmet)
rElec  .         Spirit   .     q - +0 cloak
rCorr  +         Warding  .     (no gloves)
rMut   .         Stasis   .     (no boots)
MR     .....                    a - amulet of resist corrosion
Stlth  ..........               u - ring of invisibility
                                m - ring of wizardry

@: very slightly contaminated, rotting, hasted, invisible (expiring), very
quick, not resistant to hostile enchantments, extremely unstealthy
A: rotting body, claws 1, carnivore 3, cold resistance 1, negative energy
resistance 3, poison resistance, slow healing 1, torment resistance, unbreathing
a: Turn Visible


You were on level 4 of the Dungeon.
You were not hungry.

You visited 1 branch of the dungeon, and saw 4 of its levels.

You collected 131 gold pieces.

Inventory:

Hand weapons
 b - a +1 hand crossbow
 n - a +0 flail of crushing
 A - a +2 mace
Missiles
 d - 44 bolts
 f - 2 tomahawks (quivered)
 g - 56 poisoned needles
 Z - 121 stones
Armour
 c - a +0 ring mail
 q - a +0 cloak (worn)
 r - a +0 chain mail (worn)
Jewellery
 a - an amulet of resist corrosion (around neck)
 m - a ring of wizardry (left claw)
 u - a ring of invisibility (right claw)
Scrolls
 e - 3 scrolls of remove curse
 i - a scroll of recharging
Potions
 h - a potion of lignification {unknown}
 j - a potion of restore abilities
 k - a potion of haste
 l - a potion of resistance {unknown}
 t - a potion of flight {unknown}
 w - a potion of heal wounds {unknown}
 x - a potion of degeneration {unknown}
Comestibles
 o - 2 beef jerkies
 p - 4 meat rations
 s - 10 chunks of flesh


   Skills:
 - Level 2.1 Fighting
 - Level 1.0 Maces & Flails
 + Level 3.3 Armour
 - Level 1.1 Stealth
 * Level 4.7 Unarmed Combat
 - Level 1.0 Spellcasting
   Level 1.0 Necromancy
   Level 1.0 Translocations
 - Level 1.0 Evocations


You had 6 spell levels left.
You didn't know any spells.

Dungeon Overview and Level Annotations

Branches:
Dungeon (4/15)
 Temple: D:4-7

Altars:
Ashenzari
Cheibriados
Xom

Annotations:
D:4 Prince Ribbit


Innate Abilities, Weirdness & Mutations

Your body is rotting away.
You thrive on raw meat.
You have sharp fingernails.
You are carnivorous and can eat meat at any time.
Your flesh is cold resistant.
You are immune to negative energy.
Your system is resistant to poisons.
You heal slowly when monsters are visible.
You are immune to unholy pain and torment.
You can survive without breathing.


Message History

Okay, then.
You miss Prince Ribbit.
Prince Ribbit hits you but does no damage.
Prince Ribbit barely misses you.
You closely miss Prince Ribbit. Prince Ribbit barely misses you.
Prince Ribbit hits you!
You miss Prince Ribbit. Prince Ribbit hits you!
You miss Prince Ribbit. Prince Ribbit barely misses you.
Prince Ribbit hits you.
You miss Prince Ribbit. Prince Ribbit hits you!
* * * LOW HITPOINT WARNING * * *
Unknown command.
Read which item? (? for menu, Esc to quit)
Okay, then.
Drink which item? (? for menu, Esc to quit)
You feel yourself speed up.
It was a potion of haste.
You flicker for a moment.
Prince Ribbit hits you but does no damage.
Prince Ribbit hits you!
You die...

♣....>......F.#
♣♣............# ##
♣♣♣...........# .##
≈P♣♣..........# ...
≈PP≈♣).###+##.#######.####.
≈P≈PP≈.#.........(.........<
≈≈≈≈≈≈.+.........#..........
.................'..(.(.....
≈≈≈≈P♣.......(.F@#.....(...
≈≈≈≈P≈♣##..(###..#..o.(..b.
P≈≈PP≈≈####+###(.##+#......
≈≈≈≈≈P≈.+...........'.....
≈≈≈≈P≈≈.#...........#...b
P≈≈P≈≈♣.#...........#...
♣P♣≈P≈.##....######'#
..)[♣..##....# ...
...≈.........+ .


You could see Prince Ribbit.

Vanquished Creatures
  3 gnolls (D:3)
  10 adders
  2 worms
  2 giant geckos
  9 orcs
  A giant cockroach (D:1)
  6 goblins
  7 hobgoblins
  3 jackals (D:1)
  9 kobolds
  A quokka (D:3)
  12 bats
  2 giant newts
  4 rats
71 creatures vanquished.

Notes
Turn   | Place    | Note
--------------------------------------------------------------
     0 | D:1      | Gorice, the Ghoul Wanderer, began the quest for the Orb.
     0 | D:1      | Gorice set off with: a +2 mace, a +0 hand crossbow, a +0 ring mail, 30 bolts
     0 | D:1      | Reached XP level 1. HP: 17/17 MP: 2/2
   260 | D:1      | Reached XP level 2. HP: 12/24 MP: 3/3
   305 | D:1      | Reached skill level 1 in Unarmed Combat
   440 | D:1      | Reached XP level 3. HP: 29/29 MP: 4/4
   889 | D:2      | Reached skill level 3 in Unarmed Combat
   889 | D:2      | Reached XP level 4. HP: 21/36 MP: 4/4
   966 | D:2      | Found a shattered altar of Ashenzari.
  1038 | D:2      | Found a snail-covered altar of Cheibriados.
  1115 | D:2      | Found a shimmering altar of Xom.
  1117 | D:2      | Found a shimmering altar of Xom.
  1118 | D:2      | Found a shimmering altar of Xom.
  1120 | D:2      | Found a shimmering altar of Xom.
  1121 | D:2      | Found a shimmering altar of Xom.
  1994 | D:3      | Reached XP level 5. HP: 38/41 MP: 6/6
  2072 | D:3      | Reached skill level 4 in Unarmed Combat
  2535 | D:4      | Noticed Prince Ribbit
  2723 | D:4      | Mangled by Prince Ribbit

Action                   |  1- 3 |  4- 6 || total
-------------------------+-------+-------++-------
Melee: Mace              |    27 |       ||    27
       Unarmed           |    61 |   124 ||   185
 Fire: Hand crossbow     |    40 |    62 ||   102
Throw: Tomahawk          |     4 |       ||     4
       Stone             |     1 |       ||     1
 Abil: Evoke Invisibilit |       |     1 ||     1
  Use: Scroll            |     1 |     6 ||     7
       Potion            |       |     1 ||     1
  Eat: Chunk             |     5 |    18 ||    23
